 Dungeon Crawl Stone Soup version 0.17.1-1-g73c8601 (webtiles) character file.

11494 ricardofg the Covert (level 11, -36/53 HPs)
             Began as a Spriggan Enchanter on Mar 3, 2016.
             Was a Priest of Dithmenos.
             Annihilated by an enormous slime creature (80 damage)
             ... on level 11 of the Dungeon.
             The game lasted 01:29:48 (14269 turns).

ricardofg the Covert (Spriggan Enchanter)          Turns: 14269, Time: 01:29:49

Health: -36/53     AC:  7    Str:  4    XL:     11   Next: 50%
Magic:  11/23      EV: 25    Int: 18    God:    Dithmenos [***...]
Gold:   650        SH:  7    Dex: 19    Spells: 4 memorised, 16 levels left

rFire  . . .     SeeInvis +     x - +1 dagger (venom)
rCold  . . .     Clarity  .     V - +2 robe {rN+}
rNeg   + . .     SustAt   .     L - +0 buckler
rPois  .         Gourm    .     (helmet restricted)
rElec  .         Spirit   .     (no cloak)
rCorr  .         Warding  .     (gloves unavailable)
rMut   .         Stasis   .     (boots unavailable)
MR     +....                    (no amulet)
Stlth  ++++++++++               t - ring of stealth
                                y - +3 ring of protection

@: wreathed by umbra, very quick, somewhat resistant to hostile enchantments,
uncannily stealthy
A: unfitting armour, see invisible, herbivore 3, speed 3, slow metabolism 2
a: Shadow Step, Renounce Religion


You were on level 11 of the Dungeon.
You worshipped Dithmenos.
Dithmenos was most pleased with you.
You were not hungry.

You visited 2 branches of the dungeon, and saw 14 of its levels.

You collected 650 gold pieces.

Inventory:

Hand Weapons
 a - a +1 dagger
 i - a +0 blowgun
 q - a +2 whip of venom
 w - a +2 hunting sling of freezing
 x - a +1 dagger of venom (weapon)
Missiles
 j - 98 sling bullets
 o - 2 curare-tipped needles
 E - 42 poisoned needles (quivered)
Armour
 n - a +2 robe
 L - a +0 buckler (worn)
 V - a +2 robe of positive energy (worn)
Jewellery
 f - an uncursed ring of see invisible
 t - a ring of stealth (right hand)
 y - a +3 ring of protection (left hand)
 I - an uncursed ring of wizardry
 J - an uncursed ring of poison resistance
Wands
 b - a wand of polymorph (14)
 e - a wand of enslavement (11)
 G - a wand of fireball (6)
 N - a wand of teleportation (4)
 P - a wand of polymorph (14)
 X - a wand of magic darts (11)
Scrolls
 l - 6 scrolls of remove curse
 p - a scroll of enchant armour {unknown}
 s - 3 scrolls of fog
 v - 2 scrolls of magic mapping {unknown}
 z - 2 scrolls of recharging
 D - 3 scrolls of teleportation {unknown}
 K - a scroll of noise {unknown}
 M - a scroll of identify
 R - a scroll of enchant weapon {unknown}
 S - a scroll of random uselessness {unknown}
 U - a scroll of summoning {unknown}
 W - a scroll of vulnerability {unknown}
Potions
 g - 2 potions of agility
 r - a potion of brilliance {unknown}
 u - 2 potions of heal wounds
 A - a potion of cure mutation {unknown}
 C - 2 potions of flight
 F - 2 potions of curing
 O - 3 potions of might
 T - a potion of haste {unknown}
Books
 c - a book of Maledictions

   Spells                             Type                      Level
   a - Corona                         Hexes                        1
   b - Ensorcelled Hibernation        Hexes/Ice                    2
   c - Confuse                        Hexes                        3
   d - Tukima's Dance                 Hexes                        3
   e - Dazzling Spray                 Conjuration/Hexes            3
Comestibles
 d - 13 bread rations
 h - a fruit
 B - a slice of pizza
 Q - a royal jelly


   Skills:
 + Level 4.0 Fighting
 + Level 9.5 Short Blades
 - Level 9.0 Dodging
 + Level 13.3 Stealth
 + Level 3.8 Shields
 - Level 7.6 Spellcasting
 + Level 10.5 Hexes


You had 16 spell levels left.
You knew the following spells:

 Your Spells              Type           Power        Failure   Level  Hunger
a - Corona                Hex            #####..      1%          1    None
b - Ensorcelled Hibernat  Hex/Ice        ####..       2%          2    None
c - Confuse               Hex            #####...     1%          3    #......
d - Dazzling Spray        Conj/Hex       ####....     6%          3    #......


Dungeon Overview and Level Annotations

Branches:
Dungeon (13/15)            Temple (1/1) D:6            Lair (0/8) D:11
    Orc (0/4) D:9
 Vaults: D:13-14

Altars:
Ashenzari
Cheibriados
Dithmenos
Elyvilon
Fedhas
Gozag
Kikubaaqudgha
Makhleb
Nemelex Xobeh
Okawaru
Qazlal
Ru
Sif Muna
Trog
Vehumet
Xom
Yredelemnul
Zin
The Shining One

Shops:
D:4 (   D:9 }

Annotations:
D:2 2 exclusions, Sigmund
D:5 cowardlycactus's ghost, amateur OgFE
D:12 Nessos; glanitos's ghost, novice DrMo


Innate Abilities, Weirdness & Mutations

You are tiny and cannot use many weapons and most armour.
You have supernaturally acute eyesight.
You are a herbivore.
You cover ground extremely quickly.
You need consume almost no food.


Message History

Okay, then.
Casting: Ensorcelled Hibernation
Confirm with . or Enter, or press ? or * to list all spells.
Aiming: Confuse
Press: ? - help, Shift-Dir - straight line, f - enormous slime creature, p - slime creature
Aim: an enormous slime creature (umbra, chance to defeat MR: 51%)
The enormous slime creature resists with significant effort.
Casting: Confuse
Confirm with . or Enter, or press ? or * to list all spells.
Aiming: Confuse
Press: ? - help, Shift-Dir - straight line, f/p - enormous slime creature
Aim: an enormous slime creature (umbra, chance to defeat MR: 51%)
The enormous slime creature appears confused.
You catch the helpless enormous slime creature completely off-guard!
You stick the enormous slime creature like a pincushion!!!
The enormous slime creature is poisoned.
The enormous slime creature is lightly wounded.
The enormous slime creature hits you!!!!
Ouch! That really hurt!
You die...

#.# #.# ####.###
#......##########
#(##.#.##.......###
##)##........###.#.#
.รท....#.##.#>###..#
##.#....##.#.....##
##......##.#####@J#
##......##.# #J#.#
#####.####.# #.# # #
#.# #.. ... # #.#
### #.# #+# #.# #..
###


You could see an enormous slime creature (confused) and a slime creature
(confused).

Vanquished Creatures
  Maud (D:11)
  Josephine (D:10)
  The ghost of raszama the Cleaver, a novice HOFi of the Shining One (D:7)
  Pikel (D:6)
  An ugly thing (D:11)
  The ghost of 2bobheros the Cutter, a novice FoEE of Dithmenos (D:4)
  4 trolls
  A trapdoor spider zombie (D:11)
  A slime creature (D:11)
  A spriggan (D:7)
  3 wraiths
  A deep elf mage (D:11)
  2 hippogriffs (D:9)
  Menkaure (D:4)
  3 wargs (D:9)
  3 water moccasins
  3 orc warriors
  A black bear (D:10)
  2 phantoms (D:7)
  2 sky beasts
  4 ice beasts
  3 ogres
  7 centaurs
  A big kobold (D:11)
  7 giant frogs
  3 gnoll sergeants
  2 scorpions
  2 wyvern zombies (D:6)
  14 wights
  7 crimson imps
  A jelly (D:8)
  2 giant frog zombies
  2 orc priests (D:8)
  2 iguanas
  A giant frog skeleton (D:9)
  10 worker ants
  Jessica (D:2)
  6 hounds
  4 orc wizards
  A quasit (D:8)
  Natasha (twice) (D:2)
  A worker ant zombie (D:8)
  Robin (D:2)
  10 adders
  10 gnolls
  4 shadow imps
  3 oozes
  2 adder skeletons
  An adder zombie (D:8)
  3 worms (D:2)
  5 giant geckos
  19 orcs
  2 gnoll zombies (D:4)
  9 goblins
  9 hobgoblins
  21 jackals
  16 kobolds
  4 ball pythons
  4 bats
  5 giant cockroaches
  6 giant newts
  A jackal skeleton (D:4)
  6 quokkas
  A quokka skeleton (D:9)
  A quokka zombie (D:9)
  11 rats
271 creatures vanquished.

Vanquished Creatures (others)
  Erica (D:8)
  A wizard (D:5)
  4 slaves (D:6)
  A worker ant (D:4)
  A worker ant zombie (D:6)
  A gnoll (D:6)
9 creatures vanquished.

Grand Total: 280 creatures vanquished

Notes
Turn   | Place    | Note
--------------------------------------------------------------
     0 | D:1      | ricardofg the Spriggan Enchanter began the quest for the Orb.
     0 | D:1      | Reached XP level 1. HP: 9/9 MP: 5/5
    71 | D:1      | Reached XP level 2. HP: 4/13 MP: 4/6
   612 | D:1      | Reached XP level 3. HP: 9/16 MP: 8/8
   749 | D:1      | Learned a level 2 spell: Ensorcelled Hibernation
   753 | D:1      | Learned a level 3 spell: Confuse
  1166 | D:1      | Reached skill level 5 in Stealth
  1563 | D:2      | Noticed Jessica
  1591 | D:2      | Killed Jessica
  1591 | D:2      | Reached XP level 4. HP: 21/21 MP: 6/9
  1651 | D:2      | Noticed Robin
  1675 | D:2      | HP: 1/31 [worm (3)]
  1685 | D:2      | HP: 1/31 [goblin/club[Robin] (1)]
  2061 | D:2      | Killed Robin
  2434 | D:2      | Noticed Sigmund
  2495 | D:2      | Noticed Natasha
  2512 | D:2      | Killed Natasha
  2527 | D:2      | Reached XP level 5. HP: 12/24 MP: 3/11
  2692 | D:2      | Noticed Natasha
  2695 | D:2      | Killed Natasha
  3175 | D:3      | Found an ancient bone altar of Kikubaaqudgha.
  3183 | D:3      | Reached skill level 6 in Stealth
  3237 | D:3      | Found an iron altar of Okawaru.
  4033 | D:4      | Reached XP level 6. HP: 26/28 MP: 7/12
  4076 | D:4      | Noticed 2bobheros's ghost (novice FoEE)
  4154 | D:4      | Found a basalt altar of Yredelemnul.
  4200 | D:4      | Noticed Menkaure
  4205 | D:4      | Killed 2bobheros's ghost
  4205 | D:4      | Reached skill level 7 in Stealth
  4205 | D:4      | Reached skill level 5 in Hexes
  4205 | D:4      | Reached XP level 7. HP: 14/32 MP: 9/14
  4219 | D:4      | Killed Menkaure
  4219 | D:4      | Reached skill level 5 in Dodging
  4418 | D:4      | Found Hashreti's Weapon Emporium.
  4510 | D:5      | Entered Level 5 of the Dungeon
  4741 | D:5      | Reached skill level 5 in Short Blades
  4877 | D:5      | Noticed cowardlycactus's ghost (amateur OgFE)
  4984 | D:5      | Reached skill level 8 in Stealth
  5101 | D:5      | Reached skill level 5 in Spellcasting
  5197 | D:5      | Reached XP level 8. HP: 28/36 MP: 8/16
  5360 | D:5      | Found a bloodstained altar of Trog.
  5361 | D:5      | Noticed a wizard
  5860 | D:5      | Killed a wizard
  6088 | D:6      | Reached skill level 9 in Stealth
  6518 | D:6      | Found a staircase to the Ecumenical Temple.
  6531 | Temple   | Entered the Ecumenical Temple
  6604 | Temple   | Became a worshipper of Dithmenos the Shadowed
  7040 | D:6      | Noticed Pikel
  7042 | D:6      | Reached XP level 9. HP: 39/39 MP: 16/19
  7094 | D:6      | Killed Pikel
  7094 | D:6      | Reached skill level 10 in Stealth
  8206 | D:7      | Noticed raszama's ghost (novice HOFi)
  8259 | D:7      | Killed raszama's ghost
  8259 | D:7      | Reached skill level 11 in Stealth
  8442 | D:7      | Found a sparkling altar of Nemelex Xobeh.
  9296 | D:8      | Reached XP level 10. HP: 44/44 MP: 22/22
  9516 | D:8      | Reached * piety under Dithmenos
  9645 | D:8      | Reached skill level 1 in Fighting
  9786 | D:8      | Noticed Erica
  9830 | D:8      | Reached skill level 1 in Shields
  9866 | D:8      | Killed Erica
 10070 | D:8      | Found a bloodstained altar of Trog.
 10528 | D:9      | Reached ** piety under Dithmenos
 10807 | D:9      | Found Firioff's Gadget Boutique.
 10822 | D:9      | Found a stormy altar of Qazlal.
 10824 | D:9      | Found a shattered altar of Ashenzari.
 10915 | D:9      | Found a staircase to the Orcish Mines.
 11030 | D:9      | Reached skill level 12 in Stealth
 11392 | D:9      | Found a glowing silver altar of Zin.
 11585 | D:10     | Entered Level 10 of the Dungeon
 11926 | D:10     | Noticed Josephine
 12223 | D:10     | Killed Josephine
 12223 | D:10     | Reached XP level 11. HP: 44/52 MP: 13/23
 12535 | D:9      | Learned a level 3 spell: Dazzling Spray
 12678 | D:10     | Noticed a skeletal warrior
 12686 | D:10     | Noticed a skeletal warrior
 12686 | D:10     | Noticed a skeletal warrior
 12686 | D:10     | Noticed a skeletal warrior
 12742 | D:10     | Reached skill level 10 in Hexes
 13140 | D:10     | Reached *** piety under Dithmenos
 13659 | D:11     | You fall through a shaft for 2 floors!
 13679 | D:12     | Noticed glanitos's ghost (novice DrMo)
 13680 | D:12     | Noticed Nessos
 13750 | D:11     | Reached skill level 13 in Stealth
 13751 | D:11     | Found a staircase to the Lair.
 13849 | D:11     | Noticed Maud
 13861 | D:11     | Killed Maud
 14269 | D:11     | Annihilated by an enormous slime creature

Action                   |  1- 3 |  4- 6 |  7- 9 | 10-12 || total
-------------------------+-------+-------+-------+-------++-------
Melee: Dagger            |    97 |   222 |   349 |   604 ||  1272
       Whip              |       |       |    58 |       ||    58
 Fire: Blowgun           |       |       |     2 |       ||     2
 Cast: Corona            |     1 |     3 |     1 |     1 ||     6
       Ensorcelled Hiber |     2 |    25 |    60 |    46 ||   133
       Confuse           |       |     1 |    43 |    61 ||   105
       Dazzling Spray    |       |       |       |    10 ||    10
Evoke: Wand              |       |       |       |     1 ||     1
  Use: Scroll            |       |     6 |     2 |     3 ||    11
       Potion            |       |     1 |       |     5 ||     6
 Stab: Sleeping          |     7 |    29 |    32 |    49 ||   117
       Distracted        |     1 |     1 |     2 |     6 ||    10
       Confused          |       |     2 |    21 |    26 ||    49
  Eat: Bread ration      |       |     1 |       |       ||     1
       Fruit             |       |       |     4 |     7 ||    11
